 Dungeon Sprint DCSS version 0.17-a0-2127-g1cb09f6 (webtiles) character file.

41246 Kidiri the Unseen (level 13, -1/82 HPs)
             Began as a Spriggan Enchanter on Oct 23, 2015.
             Was the Champion of Dithmenos.
             Slain by a redback (15 damage)
             ... summoned by a deep elf summoner
             ... in the Dungeon (Sprint III: "The Ten Rune Challenge").
             The game lasted 00:25:14 (5924 turns).

Kidiri the Unseen (Spriggan Enchanter)              Turns: 5924, Time: 00:25:14

Health: -1/82      AC:  4    Str:  9    XL:     13   Next: 8%
Magic:  30/34      EV: 35    Int: 19    God:    Dithmenos [******]
Gold:   3108       SH:  0    Dex: 19    Spells: 8 memorised, 15 levels left

rFire  . . .     SeeInvis +     a - +2 dagger
rCold  + . .     Clarity  .     A - +2 robe {rC+}
rNeg   . . .     SustAt   .     (shield restricted)
rPois  +         Gourm    .     I - +0 hat
rElec  .         Spirit   .     (no cloak)
rCorr  .         Warding  .     (gloves unavailable)
rMut   .         NoTele   +     (boots unavailable)
MR     ++...                    (no amulet)
Stlth  ..........               (no ring)
                                (no ring)

@: confused, berserking, wreathed by umbra, very quick, very resistant to
hostile enchantments, extremely unstealthy
A: unfitting armour, hooves 1, see invisible, herbivore 3, speed 3, sense
surroundings 1, poison resistance, screaming 1, slow metabolism 2
a: Shadow Step, Shadow Form, Renounce Religion
}: 1/10 runes: serpentine


You were in the Dungeon.
You worshipped Dithmenos.
Dithmenos was exalted by your worship.
You were not hungry.

You visited 1 branch You collected 3108 gold pieces.

Inventory:

Hand Weapons
 a - a +2 dagger (weapon)
 f - a +0 dagger
 i - a +0 halberd of protection
 m - a +0 hand axe
 s - a +0 war axe
 w - a +0 dagger
 z - a cursed -2 hand axe
Missiles
 b - 10 throwing nets (quivered)
 e - a tomahawk
Armour
 k - a +0 chain mail
 l - a +0 robe
 x - a +0 leather armour
 y - a +0 robe
 A - a +2 robe of cold resistance (worn)
 I - a +0 hat (worn)
Wands
 c - a wand of teleportation (5)
Scrolls
 j - a scroll of blinking
 n - 3 scrolls of remove curse
Potions
 g - 2 potions of haste
 h - 2 potions of magic
 q - a potion of flight {unknown}
 r - 3 potions of might
 u - a potion of agility {unknown}
 v - a potion of ambrosia {unknown}
 G - a potion of resistance
Comestibles
 d - a bread ration
 p - 9 fruits
 t - 26 royal jellies


   Skills:
 * Level 15.1 Short Blades
 + Level 7.7 Armour
 * Level 18.8 Dodging
 * Level 20.4 Stealth
 * Level 16.3 Spellcasting
 + Level 7.5 Conjurations
 + Level 12.1 Hexes
 + Level 12.4 Translocations
 + Level 8.1 Ice Magic
 - Level 2.0 Invocations


You had 15 spell levels left.
You knew the following spells:

 Your Spells              Type           Power        Failure   Level  Hunger
a - Corona                Hex            ######.      1%          1    None
b - Ensorcelled Hibernat  Hex/Ice        ######       1%          2    None
c - Confuse               Hex            ######..     1%          3    None
d - Tukima's Dance        Hex            ######..     1%          3    None
e - Dazzling Spray        Conj/Hex       ######..     1%          3    None
f - Phase Shift           Tloc           ######....   1%          5    ###....
g - Darkness              Hex            ######....   4%          6    #####..
h - Mass Confusion        Hex            ######....   4%          6    #####..


Dungeon Overview and Level Annotations

Branches:
Dungeon (1/1)

Altars:
Cheibriados
Dithmenos
Elyvilon
Fedhas
Gozag
Kikubaaqudgha
Makhleb
Nemelex Xobeh
Okawaru
Qazlal
Ru
Sif Muna
Trog
Vehumet
Xom
Yredelemnul
Zin
The Shining One
Jiyva
Lugonu

Shops:
D (=!!:[}


Innate Abilities, Weirdness & Mutations

You are tiny and cannot use many weapons and most armour.
You have supernaturally acute eyesight.
You are a herbivore.
You cover ground extremely quickly.
You need consume almost no food.
You have large cloven feet.
You passively map a small area around you.
Your system is resistant to poisons.
You occasionally shout uncontrollably at your foes.


Message History

Your shadow hits the redback but does no damage.
Casting: Dazzling Spray
Confirm with . or Enter, or press ? or * to list all spells.
Aiming: Dazzling Spray
Press: ? - help, Shift-Dir - straight line, f/p - redback
Aim: a redback (heavily wounded, clinging, summoned, umbra)
The spray of energy misses the redback.
The spray of energy hits the deep elf conjurer.
The deep elf conjurer is moderately wounded.
The deep elf conjurer is dazzled.
The spray of energy hits you!
You are confused.
The redback bites you!
* * * LOW HITPOINT WARNING * * *
The redback closely misses you.
Drink which item? (? for menu, Esc to quit)
A red film seems to cover your vision as you go berserk!
You feel yourself moving faster!
You feel mighty!
The deep elf conjurer shouts!
The redback bites you!
You die...

###################### ## *
%#__#...#..##..'.#...# e.. ,,
.#._#.%%......##@#s..##≈≈≈ ,
##'##.%......###s#s..≈≈≈., , ,*
....#%%......#.#e#r).##≈
....#%##.∩#.#.##eere.# ,,+ ,
###'#.##.#.#..########* *
#...#'###########################
#...#....#.#.#.....#......+...≈≈#
#...##.#..#.##.###.#......#...≈≈#
#...'##.#.#.##.#..##......#...≈≈≈


You could see a demonic crawler, a deep elf knight, a deep elf summoner, 2 deep
elf conjurers, 2 redbacks and 2 hell rats.

Vanquished Creatures
  Rupert (D)
  Gastronok (D)
  Maud (D)
  2 dire elephants (D)
  Erolcha (D)
  A hydra (D)
  A naga warrior (D)
  4 death yaks (D)
  3 anacondas (D)
  2 orc high priests (D)
  2 death drakes (D)
  A spriggan druid (D)
  A lindwurm (D)
  An orc knight (D)
  2 elephants (D)
  5 black mambas (D)
  A guardian serpent (D)
  2 spiny frogs (D)
  A komodo dragon (D)
  A fire drake (D)
  A deep elf priest (D)
  A queen bee (D)
  3 wandering mushrooms (D)
  8 blink frogs (D)
  4 redbacks (D)
  2 trapdoor spiders (D)
  A shadow (D)
  2 spriggans (D)
  2 hill giants (D)
  2 nagas (D)
  5 water moccasins (D)
  An orc warrior (D)
  A swamp drake (D)
  A spatial vortex (D)
  A necrophage (D)
  3 swamp dragon skeletons (D)
  2 brain worms (D)
  A two-headed ogre (D)
  A water elemental (D)
  17 killer bees (D)
  An electric eel (D)
  A jelly (D)
  A wizard (D)
  Jessica (D)
  3 orc wizards (D)
  A necromancer (D)
  A wolf (D)
  A kobold demonologist (D)
  3 humans (D)
  9 adders (D)
  An ooze (D)
  8 orcs (D)
  2 rats (D)
  7 plants (D)
133 creatures vanquished.

Vanquished Creatures (collateral kills)
  A greater naga (D)
  A deep elf priest (D)
  An orc warrior (D)
  2 two-headed ogres (D)
  10 killer bees (D)
  2 orcs (D)
17 creatures vanquished.

Vanquished Creatures (others)
  2 draconian scorchers (D)
  A hydra (D)
  2 dancing weapons (D)
  A death drake (D)
  3 yaktaurs (D)
  5 killer bees (D)
  15 plants (D)
29 creatures vanquished.

Grand Total: 179 creatures vanquished

Notes
Turn   | Place    | Note
--------------------------------------------------------------
     0 | D        | Kidiri the Spriggan Enchanter began the quest for the Orb.
     0 | D        | Reached XP level 1. HP: 9/9 MP: 5/5
    12 | D        | Reached skill level 5 in Stealth
    17 | D        | Noticed Jessica
    58 | D        | Killed Jessica
    58 | D        | Reached skill level 1 in Armour
    58 | D        | Reached skill level 6 in Stealth
    58 | D        | Reached XP level 2. HP: 11/13 MP: 5/8
    58 | D        | Reached XP level 3. HP: 13/16 MP: 5/9
    98 | D        | Learned a level 2 spell: Ensorcelled Hibernation
   101 | D        | Killed a yaktaur
   102 | D        | Learned a level 3 spell: Confuse
   106 | D        | Learned a level 3 spell: Dazzling Spray
   129 | D        | Noticed a wolf
   137 | D        | Killed a wolf
   137 | D        | Reached skill level 5 in Dodging
   187 | D        | Reached skill level 7 in Stealth
   187 | D        | Reached XP level 4. HP: 21/21 MP: 8/11
   192 | D        | Learned a level 3 spell: Tukima's Dance
   222 | D        | Killed a white draconian scorcher
   223 | D        | Killed a white draconian scorcher
   229 | D        | Gained mutation: You have large cloven feet. [potion of mutation]
   229 | D        | Gained mutation: You have a pair of small horns on your head. [potion of mutation]
   229 | D        | Gained mutation: You are clumsy. (Dex -2) [potion of mutation]
   230 | D        | Gained mutation: You passively map a small area around you. [potion of mutation]
   230 | D        | Gained mutation: You occasionally shout uncontrollably at your foes. [potion of mutation]
   231 | D        | Gained mutation: Your system is resistant to poisons. [potion of mutation]
   231 | D        | Lost mutation: You have a pair of small horns on your head. [potion of mutation]
   231 | D        | Lost mutation: You are clumsy. (Dex -2) [potion of mutation]
   261 | D        | Noticed a water elemental
   264 | D        | Killed a water elemental
   264 | D        | Reached skill level 5 in Spellcasting
   264 | D        | Reached skill level 1 in Conjurations
   264 | D        | Reached skill level 5 in Hexes
   264 | D        | Reached skill level 1 in Ice Magic
   275 | D        | Noticed a jelly
   276 | D        | Noticed a shadow
   301 | D        | Killed a shadow
   301 | D        | Reached skill level 5 in Short Blades
   301 | D        | Reached skill level 8 in Dodging
   301 | D        | Reached skill level 9 in Stealth
   301 | D        | Reached XP level 5. HP: 24/24 MP: 1/15
   301 | D        | Reached XP level 6. HP: 28/28 MP: 1/16
   303 | D        | Killed a jelly
   402 | D        | Found a stormy altar of Qazlal.
   402 | D        | Found a sacrificial altar of Ru.
   402 | D        | Found a burning altar of Makhleb.
   402 | D        | Found a shimmering altar of Xom.
   403 | D        | Found a viscous altar of Jiyva.
   403 | D        | Found a shadowy altar of Dithmenos.
   403 | D        | Found a sparkling altar of Nemelex Xobeh.
   403 | D        | Found a corrupted altar of Lugonu.
   403 | D        | Found an opulent altar of Gozag.
   403 | D        | Noticed a spatial vortex
   407 | D        | Became a worshipper of Dithmenos the Shadowed
   415 | D        | Killed a spatial vortex
   415 | D        | Reached skill level 10 in Stealth
   415 | D        | Reached skill level 1 in Invocations
   619 | D        | Found a radiant altar of Vehumet.
   620 | D        | Found a deep blue altar of Sif Muna.
   620 | D        | Found an ancient bone altar of Kikubaaqudgha.
   620 | D        | Noticed a wizard
   621 | D        | Killed a wizard
   639 | D        | Learned a level 5 spell: Phase Shift
   644 | D        | Found a glowing silver altar of Zin.
   645 | D        | Found a glowing golden altar of the Shining One.
   645 | D        | Found a white marble altar of Elyvilon.
   645 | D        | Noticed a deep elf priest
   656 | D        | Killed a deep elf priest
   656 | D        | Reached * piety under Dithmenos
   656 | D        | Reached skill level 1 in Translocations
   656 | D        | Reached XP level 7. HP: 25/32 MP: 6/19
   743 | D        | Found an iron altar of Okawaru.
   744 | D        | Found a bloodstained altar of Trog.
   744 | D        | Noticed a human
   744 | D        | Noticed a human
   746 | D        | Killed a human
   746 | D        | Reached skill level 11 in Stealth
   747 | D        | Killed a human
   747 | D        | Reached skill level 10 in Dodging
   772 | D        | Learned a level 6 spell: Darkness
   823 | D        | Found a snail-covered altar of Cheibriados.
   823 | D        | Noticed a necrophage
   826 | D        | Noticed a necromancer
   835 | D        | Found a basalt altar of Yredelemnul.
   835 | D        | Found a blossoming altar of Fedhas.
   852 | D        | Killed a necrophage
   852 | D        | Reached ** piety under Dithmenos
   857 | D        | Killed a necromancer
   950 | D        | Noticed a two-headed ogre
   950 | D        | Noticed a two-headed ogre
   959 | D        | Noticed a two-headed ogre
   960 | D        | Killed a two-headed ogre
   960 | D        | Reached XP level 8. HP: 36/36 MP: 11/22
   967 | D        | Killed a two-headed ogre
   976 | D        | Killed a two-headed ogre
   976 | D        | Reached *** piety under Dithmenos
   976 | D        | Reached skill level 12 in Stealth
  1099 | D        | Noticed a hill giant
  1102 | D        | Killed a hill giant
  1109 | D        | Noticed Erolcha
  1111 | D        | Noticed a hill giant
  1113 | D        | Killed Erolcha
  1113 | D        | Reached skill level 13 in Stealth
  1113 | D        | Reached skill level 10 in Spellcasting
  1113 | D        | Reached skill level 5 in Translocations
  1119 | D        | Killed a hill giant
  1119 | D        | Reached XP level 9. HP: 39/39 MP: 17/24
  1240 | D        | Noticed a redback
  1245 | D        | Killed a redback
  1259 | D        | Noticed a trapdoor spider
  1263 | D        | Killed a trapdoor spider
  1263 | D        | Reached **** piety under Dithmenos
  1325 | D        | Noticed a trapdoor spider
  1330 | D        | Killed a trapdoor spider
  1453 | D        | Learned a level 6 spell: Mass Confusion
  1453 | D        | Noticed a killer bee
  1453 | D        | Noticed a queen bee
  1453 | D        | Noticed a killer bee
  1453 | D        | Noticed a killer bee
  1453 | D        | Noticed a killer bee
  1453 | D        | Noticed a killer bee
  1453 | D        | Noticed a killer bee
  1453 | D        | Noticed a killer bee
  1453 | D        | Noticed a killer bee
  1453 | D        | Noticed a killer bee
  1453 | D        | Noticed a killer bee
  1453 | D        | Noticed a killer bee
  1453 | D        | Noticed a killer bee
  1453 | D        | Noticed a killer bee
  1453 | D        | Noticed a killer bee
  1454 | D        | Noticed a killer bee
  1454 | D        | Noticed a killer bee
  1454 | D        | Noticed a killer bee
  1454 | D        | Noticed a killer bee
  1454 | D        | Noticed a killer bee
  1454 | D        | Noticed a killer bee
  1454 | D        | Noticed a killer bee
  1454 | D        | Noticed a killer bee
  1454 | D        | Noticed a killer bee
  1454 | D        | Noticed a killer bee
  1454 | D        | Noticed a killer bee
  1454 | D        | Noticed a killer bee
  1454 | D        | Noticed a killer bee
  1454 | D        | Noticed a killer bee
  1454 | D        | Noticed a killer bee
  1454 | D        | Noticed a killer bee
  1454 | D        | Noticed a killer bee
  1454 | D        | Noticed a killer bee
  1455 | D        | Killed a killer bee
  1455 | D        | Killed a killer bee
  1456 | D        | Killed a killer bee
  1456 | D        | Killed a killer bee
  1457 | D        | Killed a killer bee
  1458 | D        | Killed a killer bee
  1458 | D        | Reached ***** piety under Dithmenos
  1458 | D        | Killed a killer bee
  1459 | D        | Killed a killer bee
  1459 | D        | Killed a killer bee
  1459 | D        | Reached skill level 14 in Stealth
  1459 | D        | Killed a killer bee
  1459 | D        | Killed a killer bee
  1459 | D        | Killed a killer bee
  1459 | D        | Killed a killer bee
  1460 | D        | Killed a killer bee
  1460 | D        | Killed a killer bee
  1460 | D        | Killed a killer bee
  1461 | D        | Killed a killer bee
  1461 | D        | Killed a killer bee
  1461 | D        | Reached skill level 10 in Short Blades
  1462 | D        | Killed a killer bee
  1465 | D        | Killed a killer bee
  1465 | D        | Killed a killer bee
  1468 | D        | Killed a killer bee
  1468 | D        | Reached ****** piety under Dithmenos
  1469 | D        | Killed a killer bee
  1493 | D        | Killed a killer bee
  1502 | D        | Killed a killer bee
  1504 | D        | Killed a killer bee
  1506 | D        | Killed a killer bee
  1508 | D        | Killed a killer bee
  1510 | D        | Killed a killer bee
  1514 | D        | Killed a killer bee
  1516 | D        | Killed a killer bee
  1518 | D        | Killed a killer bee
  1521 | D        | Killed a queen bee
  1521 | D        | Reached skill level 5 in Ice Magic
  1766 | D        | Noticed a wandering mushroom
  1767 | D        | Noticed a wandering mushroom
  1767 | D        | Noticed a wandering mushroom
  1774 | D        | Killed a wandering mushroom
  1870 | D        | Killed a wandering mushroom
  1900 | D        | Killed a wandering mushroom
  1900 | D        | Reached XP level 10. HP: 10/44 MP: 0/26
  2181 | D        | Noticed a spiny frog
  2181 | D        | Noticed a komodo dragon
  2181 | D        | Noticed a spiny frog
  2188 | D        | Killed a spiny frog
  2188 | D        | Reached skill level 5 in Armour
  2188 | D        | Reached skill level 15 in Stealth
  2191 | D        | Killed a spiny frog
  2194 | D        | Killed a komodo dragon
  2248 | D        | Noticed a redback
  2250 | D        | Killed a redback
  2251 | D        | Noticed a brain worm
  2255 | D        | Killed a brain worm
  2261 | D        | Noticed a brain worm
  2263 | D        | Killed a brain worm
  2268 | D        | Noticed a lindwurm
  2270 | D        | Noticed a redback
  2271 | D        | Killed a lindwurm
  2271 | D        | Reached skill level 5 in Conjurations
  2273 | D        | Killed a redback
  2278 | D        | Noticed a redback
  2279 | D        | Killed a redback
  2280 | D        | Noticed Maud
  2312 | D        | Killed Maud
  2312 | D        | Reached skill level 16 in Stealth
  2363 | D        | Noticed an electric eel
  2364 | D        | Noticed an eight-headed hydra
  2364 | D        | Noticed a four-headed hydra
  2366 | D        | Noticed a death drake
  2366 | D        | Killed an electric eel
  2446 | D        | Killed a death drake
  2500 | D        | Killed an eight-headed hydra
  2597 | D        | Killed a four-headed hydra
  2665 | D        | Found a blossoming altar of Fedhas.
  2665 | D        | Noticed a spriggan
  2665 | D        | Noticed a spriggan druid
  2665 | D        | Noticed a spriggan
  2667 | D        | Killed a spriggan druid
  2667 | D        | Reached XP level 11. HP: 47/47 MP: 23/29
  2670 | D        | Killed a spriggan
  2675 | D        | Killed a spriggan
  2675 | D        | Reached skill level 10 in Hexes
  2783 | D        | Noticed a water moccasin
  2783 | D        | Noticed an anaconda
  2783 | D        | Noticed a water moccasin
  2788 | D        | Killed a water moccasin
  2792 | D        | Killed a water moccasin
  2796 | D        | Killed an anaconda
  2796 | D        | Reached skill level 15 in Dodging
  2812 | D        | Noticed a black mamba
  2812 | D        | Noticed a water moccasin
  2829 | D        | Killed a water moccasin
  2844 | D        | Killed a black mamba
  2844 | D        | Reached skill level 17 in Stealth
  2894 | D        | Noticed a black mamba
  2894 | D        | Noticed a black mamba
  2896 | D        | Noticed a water moccasin
  2899 | D        | Noticed an anaconda
  2901 | D        | Killed a black mamba
  2904 | D        | Killed an anaconda
  2905 | D        | Killed a black mamba
  2907 | D        | Killed a water moccasin
  2935 | D        | Noticed a water moccasin
  2941 | D        | Killed a water moccasin
  3054 | D        | Noticed an anaconda
  3058 | D        | Killed an anaconda
  3077 | D        | Noticed a naga
  3077 | D        | Noticed a naga
  3078 | D        | Noticed a naga warrior
  3078 | D        | Noticed a greater naga
  3078 | D        | Found Jorrod Necoa's Distillery.
  3078 | D        | Found Emum's Book Shoppe.
  3078 | D        | Found Yjidok's Antique Armour Boutique.
  3083 | D        | Killed a naga
  3264 | D        | Killed a naga warrior
  3264 | D        | Reached skill level 10 in Translocations
  3497 | D        | Killed a naga
  3527 | D        | Killed a greater naga
  3527 | D        | Reached skill level 18 in Stealth
  3651 | D        | Noticed a guardian serpent
  3653 | D        | Killed a guardian serpent
  3655 | D        | Got a serpentine rune of Zot
  3738 | D        | Noticed a swamp drake
  3738 | D        | Noticed a fire drake
  3739 | D        | Killed a fire drake
  3741 | D        | Killed a swamp drake
  3810 | D        | Noticed a blink frog
  3810 | D        | Noticed a blink frog
  3810 | D        | Noticed a blink frog
  3812 | D        | Noticed a blink frog
  3812 | D        | Noticed a blink frog
  3817 | D        | Killed a blink frog
  3828 | D        | Killed a blink frog
  3832 | D        | Killed a blink frog
  3858 | D        | Killed a yaktaur
  3971 | D        | Killed a blink frog
  3980 | D        | Killed a blink frog
  4049 | D        | Noticed Rupert
  4053 | D        | Killed Rupert
  4053 | D        | Reached XP level 12. HP: 51/51 MP: 31/31
  4061 | D        | Noticed a death yak
  4062 | D        | Noticed a death yak
  4062 | D        | Noticed a blink frog
  4063 | D        | Noticed an azure jelly
  4063 | D        | Noticed a death yak
  4063 | D        | Noticed an azure jelly
  4063 | D        | Noticed a blink frog
  4063 | D        | Noticed a death yak
  4071 | D        | Noticed a blink frog
  4078 | D        | Killed a death yak
  4198 | D        | Noticed a black mamba
  4199 | D        | Killed a blink frog
  4199 | D        | Reached skill level 15 in Spellcasting
  4204 | D        | Killed a blink frog
  4208 | D        | Killed a blink frog
  4210 | D        | Noticed a black mamba
  4211 | D        | Killed a death yak
  4211 | D        | Reached skill level 19 in Stealth
  4215 | D        | Killed a death yak
  4218 | D        | Killed a death yak
  4222 | D        | Killed a black mamba
  4224 | D        | Killed a black mamba
  4486 | D        | Noticed a swamp dragon skeleton
  4502 | D        | Noticed a death drake
  4520 | D        | Killed a swamp dragon skeleton
  4522 | D        | Killed a death drake
  4525 | D        | Killed a yaktaur
  4584 | D        | Noticed a death drake
  4590 | D        | Killed a death drake
  4592 | D        | Found Cos Hefi's Antique Weapon Shoppe.
  4592 | D        | Found Dossaraf's Jewellery Boutique.
  4592 | D        | Found Fufuusyu's Distillery.
  4592 | D        | Noticed a swamp dragon skeleton
  4592 | D        | Noticed a swamp dragon skeleton
  4595 | D        | Killed a swamp dragon skeleton
  4598 | D        | Killed a swamp dragon skeleton
  4778 | D        | Noticed an azure jelly
  4778 | D        | Noticed an azure jelly
  4779 | D        | Noticed an elephant
  4779 | D        | Noticed an elephant
  4779 | D        | Noticed a dire elephant
  4779 | D        | Noticed a dire elephant
  4779 | D        | Noticed Gastronok
  4795 | D        | Killed a dire elephant
  5147 | D        | Killed an elephant
  5150 | D        | Killed a dire elephant
  5152 | D        | Killed an elephant
  5297 | D        | Killed Gastronok
  5297 | D        | Reached skill level 20 in Stealth
  5655 | D        | Noticed an orc high priest
  5655 | D        | Noticed an orc high priest
  5656 | D        | Noticed an orc warrior
  5658 | D        | Killed an orc high priest
  5658 | D        | Reached XP level 13. HP: 55/55 MP: 30/34
  5659 | D        | Noticed an orc wizard
  5660 | D        | Killed an orc high priest
  5660 | D        | Reached skill level 15 in Short Blades
  5661 | D        | Noticed an orc wizard
  5661 | D        | Noticed an orc warrior
  5661 | D        | Noticed an orc wizard
  5663 | D        | Killed an orc wizard
  5664 | D        | Found Quulebbi's Gadget Shoppe.
  5664 | D        | Noticed an orc knight
  5669 | D        | Killed an orc warrior
  5675 | D        | Killed an orc wizard
  5677 | D        | Killed an orc wizard
  5685 | D        | Killed an orc warrior
  5687 | D        | Killed an orc knight
  5896 | D        | Noticed a deep elf conjurer
  5896 | D        | Noticed a deep elf summoner
  5896 | D        | Noticed a deep elf conjurer
  5896 | D        | Noticed a deep elf priest
  5896 | D        | Noticed a deep elf knight
  5903 | D        | Noticed a deep elf demonologist
  5905 | D        | Killed a deep elf priest
  5924 | D        | Slain by a redback

Vault maps used:
D:        dungeon_sprint_mu

Action                   |  1- 3 |  4- 6 |  7- 9 | 10-12 | 13-15 || total
-------------------------+-------+-------+-------+-------+-------++-------
Melee: Dagger            |    26 |    20 |    67 |   415 |    16 ||   544
 Cast: Corona            |     3 |       |       |       |       ||     3
       Ensorcelled Hiber |     3 |       |    22 |    58 |     2 ||    85
       Dazzling Spray    |       |    10 |    14 |    70 |    10 ||   104
       Tukima's Dance    |       |     2 |     7 |    13 |     1 ||    23
       Confuse           |       |       |     1 |     1 |       ||     2
       Mass Confusion    |       |       |     1 |       |       ||     1
       Phase Shift       |       |       |     1 |       |       ||     1
Invok: Shadow Step       |       |       |     1 |     8 |       ||     9
  Use: Potion            |     1 |     4 |       |     1 |     1 ||     7
       Scroll            |       |     4 |       |       |       ||     4
 Stab: Sleeping          |     3 |     3 |    16 |    43 |     2 ||    67
       Distracted        |       |       |     1 |     2 |       ||     3
       Held in net/web   |       |       |     1 |       |       ||     1
       Invisible         |       |       |       |    15 |     3 ||    18
  Eat: Bread ration      |       |       |     1 |       |       ||     1
